Map: [ESL] Alcyone

Players

MaNa

  • Race: Protoss Protoss
  • Spawn Location: 1:00

Reynor - Winner!

  • Race: Zerg Zerg
  • Spawn Location: 7:00

Event: ESL SC2 Masters 2024 Spring (Regional)

VOD

Have the link to the VOD?

Description

Time

  • Played on: April 26, 2024, 10:26 a.m.
  • Length: 11:53

All games in this series

Show
View Real Time Build Order
Export as new Build Order

MaNa Protoss 

Build Orders: 1 Gate Expand, Oracle Opening 

Get SALT Encoding   

  12  0:00  Probe  
  13  0:12  Probe  
  14  0:20  Pylon  
  14  0:24  Probe  
  15  0:38  Probe (Chrono Boost)  
  16  0:45  Gateway  
  16  0:48  Probe (Chrono Boost)  
  17  0:50  Assimilator  
  17  0:53  Probe (Chrono Boost)  
  18  1:05  Probe (Chrono Boost)  
  19  1:13  Probe (Chrono Boost)  
  20  1:19  Probe  
  21  1:29  Nexus  
  21  1:39  Cybernetics Core  
  21  1:42  Probe  
  22  1:47  Assimilator  
  22  1:54  Pylon  
  22  1:57  Probe  
  23  2:12  Probe (Chrono Boost)  
  24  2:15  Stargate  
  24  2:16  Adept  
  27  2:23  Probe (Chrono Boost)  
  27  2:26  Warp Gate  
  27  2:28  Probe (Chrono Boost)  
  28  2:41  Probe (Chrono Boost)  
  28  2:43  Probe (Chrono Boost)  
  30  2:46  Adept  
  30  2:50  Probe (Chrono Boost)  
  34  2:53  Probe (Chrono Boost)  
  34  2:55  Probe (Chrono Boost)  
  35  3:03  Probe (Chrono Boost)  
  40  3:07  Probe (Chrono Boost)  
  40  3:08  Void Ray  
  41  3:19  Probe (Chrono Boost)  
  43  3:21  Probe (Chrono Boost)  
  43  3:27  Nexus  
  43  3:29  Probe  
  43  3:32  Pylon  
  44  3:38  Probe  
  44  3:41  Probe  
  46  3:45  Forge  
  46  3:50  Pylon  
  46  3:53  Twilight Council  
  46  3:55  Protoss Ground Weapons Level 1 (Chrono Boost)  
  46  3:56  Oracle  
  46  3:58  Probe  
  46  4:01  Gateway  
  50  4:03  Probe  
  51  4:10  Probe  
  51  4:12  Gateway  
  51  4:14  Gateway  
  52  4:20  Pylon  
  52  4:22  Probe  
  52  4:23  Probe  
  54  4:24  Charge (Chrono Boost)  
  54  4:36  Gateway x2  
  54  4:40  Probe x2  
  54  4:41  Probe  
  57  4:46  Zealot  
  57  4:52  Probe x2  
  61  4:53  Pylon, Probe  
  61  4:57  Zealot  
  64  5:04  Probe x2  
  64  5:05  Probe  
  67  5:09  Zealot x3  
  67  5:13  Pylon  
  73  5:16  Probe x2  
  73  5:18  Zealot  
  73  5:20  Assimilator  
  77  5:23  Pylon  
  77  5:31  Zealot x3  
  77  5:32  Zealot x2  
  87  5:41  Robotics Facility  
  87  5:44  Probe x2  
  89  5:51  Zealot x2  
  89  5:52  Zealot x4  
  101  6:03  Robotics Facility  
  101  6:08  Pylon  
  101  6:09  Protoss Ground Weapons Level 2 (Chrono Boost)  
  101  6:10  Pylon  
  101  6:15  Probe  
  101  6:17  Probe  
  101  6:21  Zealot  
  101  6:23  Zealot  
  101  6:24  Zealot  
  101  6:27  Zealot  
  101  6:28  Zealot x2  
  101  6:29  Probe x2  
  99  6:33  Immortal (Chrono Boost)  
  99  6:38  Probe  
  102  6:41  Probe  
  103  6:48  Shield Battery  
  103  6:53  Immortal (Chrono Boost)  
  107  6:57  Zealot  
  107  6:58  Zealot  
  111  7:07  Zealot x3  
  105  7:16  Probe  
  105  7:20  Zealot x3  
  67  7:30  Warp Prism (Chrono Boost)  
  67  7:32  Zealot  
  67  7:34  Zealot  
  59  7:40  Stalker  
  59  7:43  Stalker  
  55  7:44  Observer (Chrono Boost)  
  54  7:51  Zealot  
  55  8:11  Zealot x5  
  65  8:16  Sentry  
  61  8:31  Sentry x2  
  61  8:32  Zealot x2, Sentry  
  71  8:37  Probe x2  
  71  8:55  Zealot x4  
  51  9:05  Probe x2  
  37  9:17  Zealot x4  
  37  9:19  Probe  
  48  9:29  Immortal (Chrono Boost)  
  46  9:33  Probe  
  51  9:43  Zealot  
  53  9:47  Pylon  
  57  10:00  Probe  
  57  10:01  Immortal (Chrono Boost)  
  57  10:03  Probe x2  
  60  10:12  Probe  
  60  10:15  Zealot, Probe  
  60  10:16  Probe  
  59  10:24  Probe  
  59  10:28  Probe  
  60  10:30  Zealot  
  60  10:32  Zealot  
  60  10:33  Probe  
  65  10:36  Probe  
  65  10:40  Probe  
  67  10:44  Stalker  
  67  10:46  Stalker  
  67  10:48  Probe  
  67  10:49  Probe  
  71  11:01  Zealot  
  71  11:02  Stalker  
  69  11:06  Stalker  
  67  11:16  Zealot x3  
Show
View Real Time Build Order
Export as new Build Order

Reynor Zerg - Winner!

Build Orders: Hatch First 

Get SALT Encoding   

  12  0:00  Drone  
  13  0:12  Overlord  
  13  0:16  Drone  
  14  0:30  Drone x2  
  16  0:39  Drone  
  17  0:51  Hatchery  
  17  0:54  Drone  
  17  0:58  Drone  
  18  1:06  Drone  
  18  1:09  Extractor  
  18  1:18  Spawning Pool  
  17  1:20  Drone  
  18  1:28  Drone  
  19  1:39  Drone  
  20  1:49  Overlord  
  20  2:02  Drone  
  20  2:03  Drone  
  20  2:04  Queen x2  
  26  2:11  Zergling x2  
  26  2:14  Zergling x2  
  28  2:16  Metabolic Boost  
  28  2:24  Drone  
  28  2:25  Drone  
  30  2:33  Drone  
  31  2:37  Drone  
  31  2:40  Hatchery  
  31  2:43  Drone  
  32  2:47  Overlord  
  32  2:53  Queen  
  32  2:55  Drone  
  35  3:02  Drone  
  35  3:05  Drone, Queen  
  37  3:09  Overlord  
  37  3:12  Drone  
  40  3:15  Zergling x4  
  40  3:17  Drone  
  40  3:19  Drone  
  44  3:28  Overlord, Drone  
  45  3:35  Queen  
  45  3:37  Overlord  
  45  3:39  Drone  
  48  3:42  Queen  
  49  3:49  Zergling x2  
  49  3:53  Drone x2  
  49  3:54  Queen  
  54  3:59  Overlord  
  54  4:01  Drone  
  54  4:02  Drone x3  
  58  4:08  Drone  
  59  4:11  Spore Crawler  
  59  4:12  Drone  
  59  4:13  Drone x2  
  61  4:17  Zergling x4  
  61  4:18  Drone  
  61  4:22  Drone  
  61  4:24  Drone x2  
  66  4:31  Lair  
  67  4:33  Drone, Extractor  
  67  4:34  Extractor  
  67  4:36  Roach Warren, Drone x3  
  68  4:40  Drone  
  68  4:44  Overlord  
  69  4:46  Drone x3  
  69  4:47  Drone  
  69  4:48  Overlord  
  69  4:52  Extractor  
  72  5:00  Overlord  
  72  5:03  Queen  
  72  5:08  Drone  
  72  5:12  Drone x3  
  75  5:18  Overlord, Pneumatized Carapace  
  75  5:20  Roach x2  
  75  5:21  Roach x2  
  83  5:24  Roach, Zergling x6  
  83  5:26  Roach  
  90  5:32  Overlord  
  90  5:34  Roach x3  
  90  5:35  Roach  
  98  5:36  Overlord  
  98  5:38  Spore Crawler  
  98  5:39  Overlord  
  96  5:50  Roach x2  
  96  5:51  Roach x3  
  96  5:54  Overlord  
  106  5:58  Roach x3  
  106  6:02  Overlord  
  112  6:06  Roach x2  
  112  6:07  Roach  
  118  6:15  Roach x4  
  118  6:17  Overlord  
  126  6:20  Roach  
  127  6:26  Roach x3  
  127  6:31  Roach x3  
  136  6:34  Roach  
  136  6:35  Zergling x2  
  136  6:36  Zergling x4  
  135  6:40  Overlord  
  135  6:41  Zergling x4  
  137  6:47  Ravager x2  
  137  6:49  Zergling x12  
  137  6:53  Overlord  
  137  6:54  Ravager x2  
  145  6:59  Zergling x8  
  145  7:02  Ravager  
  145  7:07  Overlord  
  145  7:08  Overlord  
  146  7:09  Overlord  
  146  7:14  Roach x2  
  146  7:15  Zergling x2, Roach  
  150  7:16  Overlord  
  150  7:19  Roach  
  150  7:22  Roach x2  
  127  7:26  Roach x2  
  105  7:35  Drone  
  105  7:36  Drone x3  
  91  7:39  Queen  
  83  7:45  Spire  
  83  7:48  Roach x2  
  86  7:51  Drone x2  
  86  7:57  Roach x3  
  94  8:00  Roach x3, Zergling x2  
  94  8:03  Ravager x2  
  104  8:06  Overlord  
  104  8:08  Roach x2  
  104  8:10  Overlord  
  104  8:11  Roach x2  
  112  8:17  Evolution Chamber  
  109  8:22  Roach x2  
  109  8:23  Roach, Glial Reconstitution  
  109  8:24  Queen  
  109  8:25  Ravager  
  118  8:30  Roach x3  
  118  8:34  Overlord  
  124  8:37  Roach  
  124  8:40  Ravager  
  127  8:43  Roach x2  
  127  8:47  Roach  
  127  8:50  Roach  
  127  8:53  Roach  
  112  8:58  Roach x2  
  112  9:00  Queen  
  105  9:04  Roach x2  
  105  9:08  Roach  
  100  9:12  Roach, Zergling x4  
  100  9:13  Zergling x2  
  100  9:16  Queen  
  104  9:22  Roach x3  
  108  9:28  Roach x2, Zergling x4  
  112  9:31  Ravager  
  112  9:33  Queen  
  115  9:42  Drone x2  
  115  9:43  Drone  
  115  9:44  Drone  
  115  9:45  Extractor, Drone  
  120  9:46  Extractor, Zerg Missile Weapons Level 1  
  117  10:01  Roach x4  
  123  10:08  Hatchery  
  123  10:13  Roach x7  
  133  10:21  Roach  
  134  10:25  Roach x2  
  134  10:26  Ravager  
  139  10:32  Roach  
  139  10:34  Roach x2  
  145  10:41  Roach x3, Zergling x2  
  152  10:44  Ravager x2  
  154  10:55  Roach x5  
  160  11:02  Ravager x2  
  160  11:09  Roach x4, Zergling x4  
  164  11:14  Roach  
  164  11:15  Zergling x6, Roach  
  164  11:16  Queen  
  164  11:21  Roach x2  
  164  11:22  Roach x2  
  164  11:25  Roach  
Tags
 
Add a new tag
Caveats
  • Supply blocks, unpowered buildings, or Contaminate may cause inaccurate times.
  • Supply counts are checked every 10 seconds.